 Dungeon Crawl Stone Soup version 0.31-a0-865-g3d5d91748a (console) character file.

Game seed: 17796317900874292838

3 petzl the Sneak (level 1, -1/18 HPs)
             Began as a Formicid Delver on Oct 10, 2023.
             Slain by a hound zombie (3 damage)
             ... in an ossuary.
             The game lasted 00:05:06 (360 turns).

petzl the Sneak (Formicid Delver)                    Turns: 360, Time: 00:05:06

Health: -1/18      AC:  3    Str: 16    XL:     1   Next: 55%
Magic:  2/2        EV: 12    Int:  9    God:
Gold:   30         SH:  0    Dex: 15    Spells: 2/2 levels left

rFire   . . .        g - +0 dagger (speed) {!f =f}
rCold   . . .        (no shield)
rNeg    . . .        b - +0 leather armour
rPois   .            (helmet unavailable)
rElec   .            (no cloak)
rCorr   .            (no gloves)
SInv    +            (no boots)
Will    .....        (no amulet)
Stlth   +++          (no ring)
HPRegen 0.23/turn    (no ring)
MPRegen 0.08/turn

%: no passive effects
@: no status effects
A: permanent stasis, dig shafts and tunnels, antennae 3, four strong arms
a: Dig


You were in an ossuary.
You visited 1 branch of the dungeon, and saw 3 of its levels.
You also visited: Ossuary.

You collected 30 gold pieces.

Inventory:

Hand Weapons
 a - a +0 mace
 g - a +0 dagger of speed (weapon) {!f =f}
Missiles
 e - 3 stones
Armour
 b - a +0 leather armour (worn)
Wands
 f - a wand of digging (3)
Scrolls
 c - a scroll of fear
 d - a scroll of revelation
 h - a scroll of immolation {unknown}


   Skills:
 - Level 3.2 Fighting
 - Level 2.0 Maces & Flails
 - Level 1.7 Dodging
 - Level 6.0 Stealth
 + Level 1.0 Spellcasting


You had 2 spell levels left.
You didn't know any spells.
Your spell library was empty.

Dungeon Overview and Level Annotations

Branches:
Dungeon (6/15)             Temple (0/1) D:4         Ossuary (1/1)

Altars:
Ashenzari
Dithmenos

Annotations:
D:4 exclusion: 2 ogres, Edmund


Innate Abilities, Weirdness & Mutations

You cannot be hasted, slowed, berserked, paralysed or teleported.
You can dig through walls and to a lower floor.
You have a pair of large antennae on your head. (SInv)
Your four strong arms can wield two-handed weapons with a shield.


Message History

The hound zombie barely misses you.
The hound zombie attacks as it pursues you!
The hound zombie bites you.
* * * LOW HITPOINT WARNING * * *
The hound zombie barely misses you. The hound zombie bites you.
* * * LOW HITPOINT WARNING * * *
The hound zombie misses you.
The hound zombie attacks as it pursues you!
The hound zombie bites you but does no damage.
The hound zombie bites you.
* * * LOW HITPOINT WARNING * * *
You hit the hound zombie but do no damage.
The hound zombie is heavily damaged.
The hound zombie barely misses you. The hound zombie misses you.
Press: ? - help, v - describe, . - travel A stone wall.
Unknown command.
Unknown command.
Unknown command.
Press: ? - help, v - describe, . - travel
Here: a hound zombie (heavily damaged)
The floor.
Unknown command.
Unknown command.
Unknown command.
Unknown command.
Unknown command.
You barely miss the hound zombie.
The hound zombie is heavily damaged.
The hound zombie barely misses you.
Unknown command.
Unknown command.
Unknown command.
Unknown command.
Unknown command.
You hit the hound zombie but do no damage.
The hound zombie is heavily damaged.
The hound zombie bites you.
You die...

###############################
#??#.........Z.∩...........+[(#
#??+.........Z@............#)$#
####.........#####.........####
#.............................#
#......Z...............Z{Z....#
#....Z##...............##{{...#
#.....##...............##.{...#
#...{.........................#
#MZ#.......................#Z.#
#..##..........∩..........##..#
#∩.##..........∩........M.##Z∩#
#.M##.....................##..#
#.Z#.......................#..#
#.......................M.Z...#
#......................Z......#
#...{.##.............M.##.....#
#....Z##.......Z...Z..Z##.....#
#.....Z............{Z.........#
#.........Z.....M{............#
#+##.........#####.........####


You could see 2 hound zombies and an elf zombie.

Vanquished Creatures
  An orc (D:5)
  An endoplasm (D:4)
2 creatures vanquished.

Notes
Turn   | Place    | Note
-------+----------+-------------------------------------------
     0 | D:5      | petzl the Formicid Delver began the quest for the Orb.
     0 | D:5      | Reached XP level 1. HP: 18/18 MP: 1/1
     6 | D:5      | Found a shadowy altar of Dithmenos.
    42 | D:6      | Noticed a sky beast
    70 | D:5      | Found a broken altar of Ashenzari.
   177 | D:4      | Reached skill level 1 in Spellcasting
   193 | D:4      | Noticed an ogre
   238 | D:4      | Noticed an ogre
   241 | D:4      | Found a staircase to the Ecumenical Temple.
   241 | D:4      | Noticed Edmund
   262 | D:4      | Found a sand-covered staircase.
   267 | Ossuary  | Entered an ossuary
   360 | Ossuary  | Slain by a hound zombie

Illustrated notes

Levels and vault maps discovered:
D:4:      layout_loops_cross, minmay_temple_entry_junction_2, enter_ossuary_5,
          serial_shops, nicolae_shop_crystal, uniq_edmund,
          uniq_crazy_yiuf_cottage
D:5:      layout_basic, grunt_dithmenos_smoke_and_mirrors,
          mainiacjoe_overflow_concentric_impassable, kennysheep_boxes,
          uniq_pikel
D:6:      layout_loops_ring, nicolae_qazlal_general_emergency,
          mainiacjoe_overflow_alcove_2, gammafunk_temple_overflow_elements,
          gammafunk_ghost_nasty_kobolds
Ossuary:  ossuary_minmay_tomb_2a

Skill      XL: |  1 |
---------------+----+-----
Spellcasting   | 1 |  1.0
Fighting       | |  3.2
Maces & Flails | |  2.0
Dodging        | |  1.7
Stealth        | |  6.0

Action                     || total
---------------------------++-------
  Melee: Dagger            ||    24
         Mace              ||     1
         Punch             ||     1
    Use: Scroll            ||     2
   Stab: Sleeping          ||     2
 Armour: Leather armour    ||    44
  Dodge: Dodged            ||    49

Table legend: (Time is in decaauts)
 A = Elapsed time spent in this place.
 B = Non-inter-level travel time spent in this place.
 C = Inter-level travel time spent in this place.
 D = Time resting spent in this place.
 E = Time spent auto-exploring this place.
 F = Levels seen in this place.
 G = Mean time per level.
                   A        B        C        D        E       F      G
               +--------+--------+--------+--------+--------+-----+--------+
         Total |    351 |    331 |     20 |      0 |     29 |   4 |   87.8 |
       Dungeon |    265 |    245 |     20 |      0 |     29 |   3 |   88.3 |
       Ossuary |     86 |     86 |      0 |      0 |      0 |   1 |   86.0 |
               +--------+--------+--------+--------+--------+-----+--------+

Top non-repeatable levels by time:
     D:4: 139 daAuts
     D:5: 99 daAuts
 Ossuary: 86 daAuts
     D:6: 26 daAuts
